 Dungeon Crawl Stone Soup version 0.29.1-13-g9f3cf754e1 (webtiles) character file.

Game seed: 15133916474751841640

56 shadowmeld the Ducker (level 4, -6/35 HPs)
             Began as a Djinni Monk on Jan 29, 2023.
             Mangled by Sigmund
             ... wielding a +0 scythe
              (9 damage)
             ... on level 3 of the Dungeon.
             The game lasted 00:08:05 (2337 turns).

shadowmeld the Ducker (Djinni Monk)                 Turns: 2337, Time: 00:08:05

Health: -6/35      AC:  6    Str: 12    XL:     4   Next: 15%
Gold:   38         EV: 10    Int: 12    God:
                   SH:  0    Dex: 15

rFire   + + .      SeeInvis .     - Unarmed
rCold   x . .      Faith    .   (no shield)
rNeg    . . .      Spirit   .   j - +0 scale mail
rPois   ∞          Reflect  .   (no helmet)
rElec   .          Harm     .   (no cloak)
rCorr   .          Rampage  .   (no gloves)
Will    .....                   (boots unavailable)
Stlth   +.........              (no amulet)
HPRegen 0.11/turn               (no ring)
MPRegen 0.00/turn               (no ring)

@: flying
A: sickness immunity, fire resistance 2, cold vulnerability 1, float, innate
caster, HP casting, extra vitality 1
a: no special abilities


You were on level 3 of the Dungeon.
You visited 1 branch of the dungeon, and saw 3 of its levels.

You collected 88 gold pieces.
You spent 50 gold pieces at shops.

Inventory:

Armour
 j - a +0 scale mail (worn)
Scrolls
 a - 2 scrolls of teleportation
 c - a scroll of vulnerability
 f - 2 scrolls of blinking
 l - a scroll of silence
 o - a scroll of torment {unknown}
 p - a scroll of identify
Potions
 b - a potion of ambrosia
 d - a potion of mutation
 e - a potion of berserk rage
 g - a potion of degeneration
 h - a potion of curing {unknown}
 i - a potion of brilliance {unknown}
 k - a potion of heal wounds {unknown}
 m - a potion of invisibility {unknown}
 n - a potion of lignification {unknown}


   Skills:
 * Level 3.4 Fighting
 * Level 0.1 Armour
 * Level 3.7 Dodging
 - Level 2.0 Stealth
 * Level 3.7 Unarmed Combat
 * Level 0.1 Spellcasting


You had 2 spell levels left.
You knew the following spells:

 Your Spells              Type           Power      Damage    Failure   Level
a - Foxfire               Conj/Fire      0%         2x1d4     86%         1
Your spell library was empty.

Dungeon Overview and Level Annotations

Branches:
Dungeon (3/15)

Altars:

Shops:
D:2 *

Annotations:
D:3 Sigmund


Innate Abilities, Weirdness & Mutations

You are immune to sickness and miasma.
You are immune to poison.
Your flesh is very heat resistant. (rF++)
You are vulnerable to cold. (rC-)
You float through the air rather than walking.
You learn spells naturally, not from books.
Your magical power is your life essence.
You have superior vitality. (+4 MHP)


Message History

The adder misses you. The goblin closely misses you.
The adder bites you but does no damage.
You hit the adder.
The adder is heavily wounded.
Something hits you! The adder bites you but does no damage.
You hit the adder.
The adder is almost dead.
The adder misses you. Something hits you!
* * * LOW HITPOINT WARNING * * *
You hit the adder.
You kill the adder!
You have reached level 4!
You feel clever.
You hit the goblin.
You kill the goblin!
Something hits you.
* * * LOW HITPOINT WARNING * * *
Blink to where?
Press: ? - help, Dir - move target, f - you
Okay, then.
Something tries to affect you, but you resist.
You are confused.
Something tries to affect you, but you resist.
A puff of flame appears from out of thin air!
The puff of flame misses you.
You're too confused to move!
You feel less confused. Something hits you.
* * * LOW HITPOINT WARNING * * *
Something hits you.
* * * LOW HITPOINT WARNING * * *
You barely miss something. Something hits you but does no damage.
You miss something.
You hear some strange, mumbled words.
A puff of flame appears from out of thin air!
The puff of flame hits you but does no damage.
You barely miss something. Something hits you but does no damage.
You punch something! You closely miss something. Something hits you!
You die...

#.##.#####
#........#
####.###.# #.# #.#
#.# #.# ### #)# #.#
.....###### #.# #.#
..........###.###.#
####.####@##..#...#
#{##.##.###
#.##.##.# #.##.##.#
#.##.##.# #.##.##.#
#.##.##.# #.##.##.#
#.#####)##...<#


There were no monsters in sight!

Vanquished Creatures
  2 adders
  5 bats
  4 endoplasms
  2 giant cockroaches
  2 quokkas (D:1)
  2 ball pythons (D:1)
  3 frilled lizards
  9 goblins
  3 kobolds
  2 rats (D:1)
34 creatures vanquished.

Notes
Turn   | Place    | Note
-------+----------+-------------------------------------------
     0 | D:1      | shadowmeld the Djinni Monk began the quest for the Orb.
     0 | D:1      | Reached XP level 1. HP: 20/20 MP: 0/0
   274 | D:1      | Reached XP level 2. HP: 21/25 MP: 0/0
   964 | D:1      | Reached XP level 3. HP: 30/30 MP: 0/0
   964 | D:1      | Learned a level 1 spell: Foxfire
   985 | D:1      | Found a faded altar of an unknown god.
  1680 | D:2      | Found Waseok's General Store.
  1688 | D:2      | Bought a scroll of identify for 20 gold pieces
  1688 | D:2      | Bought a scroll of teleportation for 30 gold pieces
  2301 | D:3      | Noticed Sigmund
  2316 | D:3      | Reached XP level 4. HP: 10/35 MP: 0/0
  2337 | D:3      | Mangled by Sigmund

Illustrated notes

Levels and vault maps discovered:
D:1:      tarquinn_simple_flora_water_b, layout_basic,
          hellmonk_ecumenical_altar_pennies_from_heaven, nicolae_hexahallways
D:2:      layout_loops_corners, serial_shops, shop
D:3:      layout_loops_ring, mainiacjoe_overflow_alcove_1, serial_shops,
          nicolae_shop_advertising_works [nicolae_subvault_shop_adworks],
          kennysheep_generic_room_4, uniq_sigmund

Skill      XL: |  1  2  3 |
---------------+----------+-----
Stealth        | 2 |  2.0
Fighting       | |  3.4
Armour         | |  0.1
Dodging        | |  3.7
Unarmed Combat | |  3.7
Spellcasting   | |  0.1

Action                   |  1- 3 |  4- 6 || total
-------------------------+-------+-------++-------
Melee: Unarmed           |   106 |     6 ||   112
       Punch             |     4 |       ||     4
  Use: Scroll            |     6 |       ||     6
 Stab: Sleeping          |     6 |       ||     6
Armor: Robe              |    11 |       ||    11
       Scale mail        |    18 |     3 ||    21
Dodge: Dodged            |    65 |     1 ||    66
